 Dungeon Crawl Stone Soup version 0.24-a0-408-gcc1054c (webtiles) character file.

Game seed: 2931151090477827368

366 MatthieuS the Sneak (level 7, -5/44 HPs)
             Began as a Kobold Hunter on June 5, 2019.
             Was an Initiate of Okawaru.
             Slain by Blork the orc
             ... wielding a +0 long sword
              (6 damage)
             ... on level 4 of the Dungeon.
             The game lasted 00:07:56 (5378 turns).

MatthieuS the Sneak (Kobold Hunter)                 Turns: 5378, Time: 00:07:56

Health: -5/44      AC:  6    Str:  9    XL:     7   Next: 1%
Magic:  7/7        EV: 12    Int: 15    God:    Okawaru [......]
Gold:   254        SH:  0    Dex: 15    Spells: 6/6 levels left

rFire    . . .     SeeInvis .   w - +1 hand crossbow
rCold    . . .     Gourm    .   (shield restricted)
rNeg     . . .     Faith    .   t - +0 scale mail
rPois    .         Spirit   .   (no helmet)
rElec    .         Reflect  .   (no cloak)
rCorr    .         Harm     .   (no gloves)
MR       .....                  (no boots)
Stlth    ++........             (no amulet)
HPRegen  0.14/turn              (no ring)
MPRegen  0.10/turn              (no ring)

@: no status effects
A: small, carnivore
a: Renounce Religion


You were on level 4 of the Dungeon.
You worshipped Okawaru.
Okawaru was noncommittal.
You were completely stuffed.

You visited 2 branches of the dungeon, and saw 5 of its levels.

You collected 254 gold pieces.

Inventory:

Hand Weapons
 a - a +3 dagger of flaming
   (You took it off a goblin on level 2 of the Dungeon)
 l - a +4 whip
   (You took it off a kobold on level 1 of the Dungeon)
 w - a +1 hand crossbow (weapon)
Missiles
 r - 28 bolts (quivered)
Armour
 p - a +0 ring mail
   (You found it on level 3 of the Dungeon)
 t - a +0 scale mail (worn)
   (You took it off an orc priest on level 4 of the Dungeon)
Jewellery
 q - an uncursed amulet of harm
   (You took it off a kobold on level 3 of the Dungeon)
Wands
 d - a wand of iceblast (8)
   (You took it off a hobgoblin on level 3 of the Dungeon)
Scrolls
 c - a scroll of fog {unknown}
 g - 2 scrolls of enchant weapon
 n - 3 scrolls of teleportation {unknown}
 o - 2 scrolls of identify {unknown}
 u - 2 scrolls of remove curse {@r2}
 v - a scroll of amnesia {unknown}
Potions
 b - 2 potions of degeneration {unknown}
 f - a potion of lignification {unknown}
 h - a potion of flight {unknown}
 i - 2 potions of cancellation {unknown}
 j - a potion of curing {unknown}
 k - a potion of brilliance {unknown}
 m - 2 potions of might {unknown}
Comestibles
 e - 8 rations


   Skills:
 + Level 4.5 Fighting
 + Level 2.4 Short Blades
 - Level 4.8 Crossbows
 + Level 4.8 Dodging
 + Level 5.2 Stealth


You had 6 spell levels left.
You didn't know any spells.
Your spell library was empty.

Dungeon Overview and Level Annotations

Branches:
Dungeon (4/15)             Temple (1/1) D:4

Altars:
Ashenzari
Cheibriados
Dithmenos
Fedhas
Kikubaaqudgha
Makhleb
Nemelex Xobeh
Okawaru
Ru
Sif Muna
Uskayaw
Xom
Yredelemnul
Zin

Annotations:
D:4 Blork the orc


Innate Abilities, Weirdness & Mutations

You are small and have problems with some larger weapons.
You are carnivorous and can eat meat at any time.


Message History

Wield which item (- for none, * to show all)? (? for menu, Esc to quit)
Your +3 dagger of flaming stops flaming.
w - a +1 hand crossbow (weapon)
Blork the orc hits you but does no damage.
Firing (i - inventory)
r - 37 bolts (quivered)
Aim: Blork the orc, wielding a +0 long sword and wearing a +0 robe (moderately wounded, fast)
You shoot a bolt. The bolt barely misses Blork the orc.
Blork the orc hits you with a +0 long sword.
* * * LOW HITPOINT WARNING * * *
Firing (i - inventory)
r - 36 bolts (quivered)
Aim: Blork the orc, wielding a +0 long sword and wearing a +0 robe (moderately wounded, fast)
You shoot a bolt. The bolt hits Blork the orc!
Blork the orc closely misses you. Blork the orc completely misses you.
Firing (i - inventory)
r - 35 bolts (quivered)
Aim: Blork the orc, wielding a +0 long sword and wearing a +0 robe (heavily wounded, fast)
You shoot a bolt. The bolt hits Blork the orc.
Blork the orc hits you with a +0 long sword.
* * * LOW HITPOINT WARNING * * *
Firing (i - inventory)
r - 34 bolts (quivered)
Aim: Blork the orc, wielding a +0 long sword and wearing a +0 robe (severely wounded, fast)
You shoot a bolt. The bolt hits Blork the orc.
Blork the orc barely misses you. Blork the orc closely misses you.
Firing (i - inventory)
r - 33 bolts (quivered)
Aim: Blork the orc, wielding a +0 long sword and wearing a +0 robe (almost dead, fast)
You shoot a bolt. The bolt barely misses Blork the orc.
Blork the orc screams, "I don't like you!"
Blork the orc points at you and mumbles some strange words.
The puff of frost hits you!
* * * LOW HITPOINT WARNING * * *
Blork the orc closely misses you.
Firing (i - inventory)
r - 32 bolts (quivered)
Aim: Blork the orc, wielding a +0 long sword and wearing a +0 robe (almost dead, fast)
You shoot a bolt. The bolt closely misses Blork the orc.
Blork the orc hits you with a +0 long sword.
* * * LOW HITPOINT WARNING * * *
Firing (i - inventory)
r - 31 bolts (quivered)
Aim: Blork the orc, wielding a +0 long sword and wearing a +0 robe (almost dead, fast)
You shoot a bolt. The bolt hits Blork the orc.
Blork the orc hits you but does no damage.
Blork the orc barely misses you.
Firing (i - inventory)
r - 30 bolts (quivered)
Aim: Blork the orc, wielding a +0 long sword and wearing a +0 robe (almost dead, fast)
You shoot a bolt. The bolt hits Blork the orc.
Blork the orc casts a spell.
Blork the orc flickers and vanishes!
Deactivating autopickup; reactivate with Ctrl-A.
Firing (i - inventory)
r - 29 bolts (quivered)
You shoot a bolt. Something hits you.
You die...

#......#....##PPP###...
#......#....#P...P###..
#......#....'..>.P# ###
#......##...#P...P#
#......##...##PPP##
#.......#....#####
#.......#......#
######.####...##
##...##@####...##
.......{..#.....#
##........#.....#
#...###..##...## ####
..###### ... ...# ####


There were no monsters in sight!

Vanquished Creatures
  A bullfrog (D:2)
  2 orc priests (D:4)
  An orc wizard (D:4)
  A hound skeleton (D:4)
  3 gnolls (D:3)
  6 adders
  An adder skeleton (D:4)
  3 worms
  2 dart slugs (D:1)
  3 leopard geckos
  10 orcs
  10 bats
  9 giant cockroaches
  7 hobgoblins
  4 jackals (D:1)
  2 quokkas
  A ball python skeleton (D:4)
  4 frilled lizards
  10 goblins
  9 kobolds
  4 rats
93 creatures vanquished.

Notes
Turn   | Place    | Note
-------+----------+-------------------------------------------
     0 | D:1      | MatthieuS the Kobold Hunter began the quest for the Orb.
     0 | D:1      | Reached XP level 1. HP: 12/12 MP: 1/1
   309 | D:1      | Reached XP level 2. HP: 13/18 MP: 2/2
   501 | D:1      | Reached skill level 2 in Stealth
   588 | D:1      | Reached XP level 3. HP: 20/22 MP: 3/3
  1706 | D:2      | Reached skill level 3 in Stealth
  1744 | D:2      | Reached XP level 4. HP: 10/28 MP: 4/4
  2140 | D:2      | Noticed a bullfrog
  2148 | D:2      | Killed a bullfrog
  2148 | D:2      | Reached XP level 5. HP: 19/33 MP: 5/5
  2439 | D:2      | Reached skill level 4 in Stealth
  3314 | D:3      | Reached XP level 6. HP: 20/38 MP: 6/6
  3316 | D:3      | Reached skill level 1 in Short Blades
  3826 | D:3      | Found a faded altar of an unknown god.
  4277 | D:4      | Found a staircase to the Ecumenical Temple.
  4285 | Temple   | Entered the Ecumenical Temple
  4532 | Temple   | Became a worshipper of Warmaster Okawaru
  4762 | D:4      | Reached skill level 5 in Stealth
  5161 | D:4      | Reached XP level 7. HP: 42/44 MP: 7/7
  5359 | D:4      | Noticed Blork the orc
  5375 | D:4      | HP: 1/44 [Blork the orc/+0 long sword (4)]
  5378 | D:4      | Slain by Blork the orc

Levels and vault maps discovered:
D:1:      roderic_dead_forest, layout_basic
D:2:      layout_loops_ring
D:3:      layout_basic, chequers_ecumenical_altar_island,
          uniq_crazy_yiuf_cottage
D:4:      layout_gridville, minmay_temple_entry_enclosed_plants, first_ration,
          uniq_blork_the_orc
Temple:   minmay_temple_curvy_branch

Skill      XL: |  1  2  3  4  5  6 |
---------------+-------------------+-----
Stealth        | 2 3 4 5 |  5.2
Dodging        | 3 4 |  4.8
Fighting       | 3 4 |  4.5
Short Blades   | 2 |  2.4
Crossbows      | |  4.8

Action                   |  1- 3 |  4- 6 |  7- 9 || total
-------------------------+-------+-------+-------++-------
Melee: Short sword       |    83 |       |       ||    83
       Whip              |    29 |       |       ||    29
       Dagger            |     9 |    64 |     4 ||    77
 Fire: Hand crossbow     |    17 |    87 |     9 ||   113
  Use: Potion            |     1 |       |       ||     1
       Scroll            |     2 |       |       ||     2
 Stab: Sleeping          |     1 |     7 |       ||     8
  Eat: Chunk             |    10 |    12 |       ||    22
Armor: Leather armour    |    27 |     4 |       ||    31
       Ring mail         |       |    10 |       ||    10
       Scale mail        |       |     8 |     3 ||    11
Dodge: Dodged            |   117 |    78 |     6 ||   201

Table legend:
 A = Non-vault XP
 B = Vault XP
 C = Vault XP percentage of total XP
 D = Non-vault monster count
 E = Vault monster count
 F = Vault count percentage of total count
                 A         B        C        D         E       F
            +---------+---------+-------+---------+---------+-------
      Total |     524 |       0 |   0.0 |      93 |       0 |   0.0
            +---------+---------+-------+---------+---------+-------
        D:1 |      51 |       0 |   0.0 |      29 |       0 |   0.0
        D:2 |     172 |       0 |   0.0 |      22 |       0 |   0.0
        D:3 |     122 |       0 |   0.0 |      25 |       0 |   0.0
        D:4 |     179 |       0 |   0.0 |      17 |       0 |   0.0
            +---------+---------+-------+---------+---------+-------
